 Dungeon Crawl Stone Soup version 0.24-a0-180-g654ca03 (webtiles) character file.

Game seed: 9900489860788179241

112 CloudKeeper the Skirmisher (level 5, -3/43 HPs)
             Began as a Formicid Abyssal Knight on Mar 13, 2019.
             Was a Believer of Lugonu.
             Slain by an iguana (5 damage)
             ... on level 3 of the Dungeon.
             The game lasted 00:06:36 (2316 turns).

CloudKeeper the Skirmisher (FoAK)                   Turns: 2316, Time: 00:06:36

Health: -3/43      AC:  5    Str: 17 (18) XL:     5   Next: 16%
Magic:  6/7        EV: 12    Int:  8 (11) God:    Lugonu [**....]
Gold:   136        SH:  0    Dex:  8 (10) Spells: 4/4 levels left

rFire    . . .     SeeInvis +   a - +1 hand axe
rCold    . . .     Gourm    .   (no shield)
rNeg     . . .     Faith    .   b - +1 leather armour
rPois    .         Spirit   .   (helmet unavailable)
rElec    .         Reflect  .   (no cloak)
rCorr    .         Harm     .   (no gloves)
MR       .....                  i - +0 pair of boots
Stlth    +.........             (no amulet)
HPRegen  0.14/turn              m - ring of flight
MPRegen  0.10/turn              j - ring of teleportation

@: no status effects
A: permanent stasis, dig shafts and tunnels, four strong arms, antennae 3,
talons 1, high mp 1, sturdy frame 1
a: Dig, Shaft Self, Depart the Abyss, Bend Space, Renounce Religion, Evoke
Flight


You were on level 3 of the Dungeon.
You worshipped Lugonu.
Lugonu was pleased with you.
You were not hungry.

You visited 1 branch of the dungeon, and saw 3 of its levels.
You visited the Abyss 1 time.

You collected 136 gold pieces.

Inventory:

Hand Weapons
 a - a +1 hand axe (weapon)
Armour
 b - a +1 leather armour (worn)
 i - a +0 pair of boots (worn)
Jewellery
 e - an uncursed ring of fire
 j - a ring of teleportation (right hand)
 m - a ring of flight (left hand)
 p - an uncursed ring of resist corrosion
Scrolls
 f - 4 scrolls of remove curse
 k - a scroll of teleportation {unknown}
 l - a scroll of enchant armour
 o - 2 scrolls of identify {unknown}
Potions
 d - 2 potions of haste
Comestibles
 c - 5 rations


   Skills:
 + Level 4.3 Fighting
 + Level 3.1 Axes
 + Level 3.1 Armour
 + Level 1.5 Dodging
 + Level 2.3 Invocations


You had 4 spell levels left.
You didn't know any spells.
Your spell library was empty.

Dungeon Overview and Level Annotations

Branches:
Dungeon (3/15)

Altars:


Innate Abilities, Weirdness & Mutations

You cannot be hasted, slowed, berserked, paralysed or teleported.
You can dig through walls and to a lower floor.
Your four strong arms can wield two-handed weapons with a shield.
You have a pair of large antennae on your head. (SInv)
You have sharp toenails.
You have an increased reservoir of magic. (+10% MP)
Your movements are slightly less encumbered by armour. (ER -2)


Message History

The iguana bites you but does no damage.
The adder barely misses you.
It was a potion of degeneration.
There was something very wrong with that liquid.
You feel weakened.
You feel dopey.
You feel clumsy. The adder misses you. The iguana bites you!
* * * LOW HITPOINT WARNING * * *
It was a potion of berserk rage.
Your stasis prevents you from going berserk.
The adder closely misses you. The iguana barely misses you.
It was a potion of mutation.
You feel extremely strange.
Your toenails lengthen and sharpen.
You feel more energetic.
You feel less encumbered by your armour.
The adder closely misses you. The iguana barely misses you.
The adder barely misses you.
You don't have enough health at the moment.
Okay, then.
You completely miss the iguana. You barely miss the adder.
The iguana bites you.
You die...

### ##.. ##...
################...#
..###.S...............##
.....Kl@.......########
.<############## # .. #
..# ##### ...#
######....
...###########......#..
..............).......
#..##....##.#####...
###..........# #...


You could see an iguana, an adder and a kobold.

Vanquished Creatures
  4 adders
  An ooze (D:1)
  3 worms (D:2)
  2 dart slugs (D:2)
  2 leopard geckos
  An orc (D:3)
  2 giant cockroaches
  6 goblins
  14 hobgoblins
  3 kobolds
  A quokka (D:2)
  5 bats
  4 frilled lizards
  8 rats
56 creatures vanquished.

Vanquished Creatures (others)
  4 toadstools (D:1)
4 creatures vanquished.

Grand Total: 60 creatures vanquished

Notes
Turn   | Place    | Note
-------+----------+-------------------------------------------
     0 | Abyss:1  | CloudKeeper the Formicid Abyssal Knight began the quest for
                  | the Orb.
     0 | Abyss:1  | Reached XP level 1. HP: 18/18 MP: 2/2
    67 | Abyss:1  | Noticed a small abomination
    67 | Abyss:1  | Noticed a demonic crawler
    68 | D:1      | Escaped the Abyss
   111 | D:1      | Reached XP level 2. HP: 16/25 MP: 3/3
   122 | D:1      | Reached * piety under Lugonu
   193 | D:1      | Reached skill level 4 in Fighting
   349 | D:1      | Reached XP level 3. HP: 18/30 MP: 4/4
  1217 | D:2      | Reached skill level 1 in Dodging
  1217 | D:2      | Reached XP level 4. HP: 26/37 MP: 5/5
  1712 | D:2      | Reached ** piety under Lugonu
  1875 | D:3      | Reached XP level 5. HP: 36/43 MP: 6/6
  1911 | D:3      | HP: 1/43 [orc/+0 trident (3)]
  2313 | D:3      | HP: 1/43 [iguana (10)]
  2315 | D:3      | Gained mutation: You have sharp toenails. [potion of
                  | mutation]
  2315 | D:3      | Gained mutation: You have an increased reservoir of magic.
                  | (+10% MP) [potion of mutation]
  2315 | D:3      | Gained mutation: Your movements are slightly less
                  | encumbered by armour. (ER -2) [potion of mutation]
  2316 | D:3      | Slain by an iguana

Levels and vault maps discovered:
D:1:      ldierk_walled_garden_2, layout_basic
D:2:      layout_basic
D:3:      layout_rooms, first_ration, serial_bayou_pond_d, uniq_purgy
Abyss:1

Skill      XL: |  1  2  3  4 |
---------------+-------------+-----
Fighting       | 4 |  4.3
Dodging        | 1 |  1.5
Axes           | 3 |  3.1
Armour         | 3 |  3.1
Invocations    | |  2.3

Action                   |  1- 3 |  4- 6 || total
-------------------------+-------+-------++-------
Melee: Hand axe          |    84 |   114 ||   198
Invok: Depart the Abyss  |     1 |       ||     1
  Use: Scroll            |     1 |     1 ||     2
       Potion            |       |     3 ||     3
  Eat: Chunk             |       |     5 ||     5
Armor: Leather armour    |    30 |    49 ||    79
Dodge: Dodged            |    56 |    90 ||   146

Table legend:
 A = Non-vault XP
 B = Vault XP
 C = Vault XP percentage of total XP
 D = Non-vault monster count
 E = Vault monster count
 F = Vault count percentage of total count
                 A         B        C        D         E       F
            +---------+---------+-------+---------+---------+-------
      Total |     160 |       0 |   0.0 |      56 |       0 |   0.0
            +---------+---------+-------+---------+---------+-------
        D:1 |      41 |       0 |   0.0 |      22 |       0 |   0.0
        D:2 |      86 |       0 |   0.0 |      23 |       0 |   0.0
        D:3 |      33 |       0 |   0.0 |      11 |       0 |   0.0
            +---------+---------+-------+---------+---------+-------
